 Dungeon Crawl Stone Soup version 0.28-a0-1213-g0243856f03 (webtiles) character file.

Game seed: 143675549107046782

47 Redcow54321 the Slasher (level 3, -2/31 HPs)
             Began as a Draconian Berserker on Dec 22, 2021.
             Was a Believer of Trog.
             Slain by Terence (3 damage)
             ... on level 2 of the Dungeon.
             The game lasted 00:01:55 (1007 turns).

Redcow54321 the Slasher (Draconian Berserker)       Turns: 1007, Time: 00:01:56

Health: -2/31      AC:  5    Str: 21    XL:     3   Next: 48%
Magic:  3/3        EV: 12    Int:  7    God:    Trog [**....]
Gold:   65         SH:  0    Dex: 10    Spells: 2/2 levels left

rFire   . . .      SeeInvis .   a - +0 falchion
rCold   . . .      Faith    .   (no shield)
rNeg    . . .      Spirit   .   (armour unavailable)
rPois   .          Reflect  .   (helmet restricted)
rElec   .          Harm     .   (no cloak)
rCorr   .          Rampage  .   (no gloves)
Will    .....                   (no boots)
Stlth   +.........              (no amulet)
HPRegen 0.10/turn               (no ring)
MPRegen 0.08/turn               (no ring)

@: no status effects
A: AC +5, unfitting armour, cold-blooded
a: Renounce Religion, Berserk, Trog's Hand


You were on level 2 of the Dungeon.
You worshipped Trog.
Trog was pleased with you.
You visited 1 branch of the dungeon, and saw 2 of its levels.

You collected 65 gold pieces.

Inventory:

Hand Weapons
 a - a +0 falchion (weapon)
Jewellery
 f - a ring of magical power
Scrolls
 c - a scroll of acquirement {unknown}
 d - a scroll of enchant weapon {unknown}
 g - a scroll of vulnerability {unknown}
Potions
 b - a potion of attraction {unknown}
 e - a potion of resistance {unknown}


   Skills:
 - Level 3.2 Fighting
 + Level 4.5 Long Blades
 - Level 2.6 Dodging


You had 2 spell levels left.
You didn't know any spells.
Your spell library was empty.

Dungeon Overview and Level Annotations

Branches:
Dungeon (2/15)

Altars:

Shops:
D:1 *

Annotations:
D:2 Terence


Innate Abilities, Weirdness & Mutations

Your plain brown scales are hard. (AC +5)
You cannot fit into any form of body armour.
You are cold-blooded and may be slowed by cold attacks.


Message History

The adder is almost dead.
The adder bites you but does no damage. The adder misses you.
You hit the adder.
You kill the adder!
Trog accepts your kill. The adder closely misses you.
You have reached level 3!
Your experience leads to an increase in your attributes!
Increase (S)trength, (I)ntelligence, or (D)exterity?
You feel stronger. x2; Your scales feel tougher.
You barely miss the adder.
Your tail-slap misses the adder.
The adder bites you.
You are poisoned.
The adder poisons you!
Terence says, "Rest in peace."
You hit the adder.
Your tail-slap misses the adder.
The adder is severely wounded.
You feel sick.
The adder bites you but does no damage. x2
You hit the adder.
You kill the adder!
Trog accepts your kill.
You can now call upon Trog for regeneration and willpower.
You feel sick.
You feel sick.
You feel sick.
You hit the goblin.
You kill the goblin!
Trog accepts your kill.
You feel sick.
You feel sick.
You are no longer poisoned.
You barely miss Terence.
Terence hits you with a +2 vorpal flail!
* * * LOW HITPOINT WARNING * * *
x2 Terence shouts, "Get ready for death!"
You slash Terence!
You tail-slap Terence, but do no damage.
Terence is moderately wounded.
Terence hits you with a +2 vorpal flail.
You die...

###...........#
........#†#####
#######.#.#
#.#)# #.#w#
#.#.# #.#.#
#.#@# #.#@#
..#.....#
#####.#


You could see Terence and a worm.

Vanquished Creatures
  2 adders (D:2)
  4 ball pythons (D:1)
  2 endoplasms (D:1)
  2 giant cockroaches (D:1)
  A hobgoblin (D:1)
  A quokka (D:1)
  8 bats (D:1)
  3 goblins
  A kobold (D:1)
  5 rats (D:1)
29 creatures vanquished.

Notes
Turn   | Place    | Note
-------+----------+-------------------------------------------
     0 | D:1      | Redcow54321 the Draconian Berserker began the quest for the
                  | Orb.
     0 | D:1      | Reached XP level 1. HP: 19/19 MP: 1/1
   229 | D:1      | Reached XP level 2. HP: 26/26 MP: 2/2
   605 | D:1      | Reached skill level 4 in Long Blades
   747 | D:1      | Found Duitil's General Store.
   983 | D:2      | Noticed Terence
   996 | D:2      | Reached XP level 3. HP: 21/31 MP: 3/3
   998 | D:2      | Reached ** piety under Trog
  1005 | D:2      | HP: 1/31 [Terence (3)]
  1007 | D:2      | Slain by Terence

Illustrated notes

Levels and vault maps discovered:
D:1:      onia_arrival_handbag, layout_basic, serial_shops, shop
D:2:      layout_loops_ring, grunt_ministairs_12, uniq_robin, uniq_terence,
          uniq_sigmund

Skill      XL: |  1  2 |
---------------+-------+-----
Long Blades    | 4 |  4.5
Fighting       | |  3.2
Dodging        | |  2.6

Action                   || total
-------------------------++-------
Melee: Falchion          ||    79
       Tailslap          ||     6
 Stab: Sleeping          ||     2
Armor: Skin              ||    33
Dodge: Dodged            ||    71

Table legend: (Time is in decaauts)
 A = Elapsed time spent in this place.
 B = Non-inter-level travel time spent in this place.
 C = Inter-level travel time spent in this place.
 D = Time resting spent in this place.
 E = Time spent auto-exploring this place.
 F = Levels seen in this place.
 G = Mean time per level.
                   A        B        C        D        E       F      G
               +--------+--------+--------+--------+--------+-----+--------+
         Total |   1015 |    966 |     49 |      0 |    768 |   2 |  507.5 |
       Dungeon |   1015 |    966 |     49 |      0 |    768 |   2 |  507.5 |
               +--------+--------+--------+--------+--------+-----+--------+

Top non-repeatable levels by time:
     D:1: 989 daAuts
     D:2: 25 daAuts
